 Dungeon Crawl Stone Soup version 0.18.1-8-gdd0e5ea (webtiles) character file.

43136 matakusis the Tainter (level 13, -3/86 HPs)
             Began as a Demonspawn Venom Mage on June 3, 2016.
             Was the Champion of Sif Muna.
             Slain by a death yak (17 damage)
             ... on level 5 of the Lair of Beasts on June 4, 2016.
             The game lasted 04:23:09 (25313 turns).

matakusis the Tainter (Demonspawn Venom Mage)      Turns: 25313, Time: 04:23:13

Health: -3/86      AC: 17    Str:  8    XL:     13   Next: 89%
Magic:  0/28       EV: 32    Int: 22    God:    Sif Muna [******]
Gold:   1138       SH:  0    Dex: 22    Spells: 9 memorised, 4 levels left

rFire  . . .     SeeInvis +     N - +4 long sword (elec)
rCold  . . .     Gourm    .     u - +1 robe of Heawech {rN+}
rNeg   + . .     Faith    .     (no shield)
rPois  .         Spirit   +     (helmet restricted)
rElec  .         Dismiss  .     H - +0 cloak {+Inv}
rCorr  .         Reflect  .     r - +1 pair of gloves
SustAt .         Harm     .     Y - +0 pair of boots
MR     .....                    (no amulet)
Stlth  ++++......               S - +4 ring of evasion
                                I - +4 ring of dexterity

@: agile, not resistant to hostile enchantments, stealthy
A: antennae 2, rough black scales 3, see invisible, agile 1, mutation resistance
1, powered by death 3, regeneration 1, robust 1, magic shield
a: Channel Energy, Forget Spell, Renounce Religion, Evoke Invisibility


You were on level 5 of the Lair of Beasts.
You worshipped Sif Muna.
Sif Muna was exalted by your worship.
You were very hungry.

You visited 3 branches of the dungeon, and saw 18 of its levels.

You collected 1357 gold pieces.
You spent 219 gold pieces at shops.

Inventory:

Hand Weapons
 N - a +4 long sword of electrocution (weapon)
Missiles
 A - 3 throwing nets (quivered)
 O - 8 curare-tipped needles
Armour
 r - a +1 pair of gloves (worn)
 u - the +1 robe of Heawech (worn) {rN+}
   (You bought it in a shop on level 5 of the Dungeon)

   It protects you from negative energy.
 H - a +0 cloak of invisibility (worn)
 P - the +2 ring mail of the Forest {Regen+ Str-5 Dex+4}
   (You found it on level 11 of the Dungeon)

   It affects your strength (-5).
   It affects your dexterity (+4).
   It increases your rate of regeneration.
 Y - a +0 pair of boots (worn)
Magical Staves
 a - an uncursed staff of energy
 j - an uncursed staff of poison
Jewellery
 i - an uncursed ring of flight
 q - an uncursed ring of positive energy
 I - a +4 ring of dexterity (left hand)
 S - a +4 ring of evasion (right hand)
 W - an uncursed ring of fire
Wands
 o - a wand of random effects (30/48)
 p - a wand of polymorph (20/24)
 t - a wand of iceblast (7/15)
 w - a wand of disintegration (16/24)
 G - a wand of random effects (6/48)
 V - a wand of digging (17/24)
 X - a wand of acid (6/15)
Scrolls
 e - 3 scrolls of amnesia
 g - 3 scrolls of enchant weapon
 k - 4 scrolls of recharging
 n - 6 scrolls of enchant armour
 s - 4 scrolls of immolation
 v - 2 scrolls of fog
 y - 2 scrolls of identify
 z - 11 scrolls of remove curse
 E - a scroll of teleportation
Potions
 b - 2 potions of curing
 d - a potion of flight
 f - 2 potions of magic
 x - a potion of cure mutation
 C - 3 potions of brilliance
 Q - a potion of might
 R - a potion of berserk rage
 Z - 2 potions of agility
Books
 m - Sif Muna's Collected Works on Feathery Creation
   (Sif Muna gifted it to you on level 11 of the Dungeon)

   Spells                             Type                      Level
   a - Repel Missiles                 Charms/Air                   2
   b - Summon Lightning Spire         Summoning/Air                4
   c - Silence                        Hexes/Air                    5
   d - Summon Forest                  Summoning/Translocation      5
 B - a book of Clouds

   Spells                             Type                      Level
   a - Mephitic Cloud                 Conjuration/Poison/Air       3
   b - Conjure Flame                  Conjuration/Fire             3
   c - Poisonous Cloud                Conjuration/Poison/Air       6
   d - Freezing Cloud                 Conjuration/Ice/Air          6
   e - Ring of Flames                 Charms/Fire                  7
 J - a book of the Tempests

   Spells                             Type                      Level
   a - Static Discharge               Conjuration/Air              3
   b - Lightning Bolt                 Conjuration/Air              5
   c - Fireball                       Conjuration/Fire             5
   d - Tornado                        Air                          9
   e - Shatter                        Earth                        9
 K - a book of Spatial Translocations

   Spells                             Type                      Level
   a - Apportation                    Translocation                1
   b - Blink                          Translocation                2
   c - Shroud of Golubria             Charms/Translocation         2
   d - Portal Projectile              Translocation                3
   e - Teleport Other                 Translocation                3
   f - Passage of Golubria            Translocation                4
 L - a book of Debilitation

   Spells                             Type                      Level
   a - Corona                         Hexes                        1
   b - Slow                           Hexes                        2
   c - Gell's Gravitas                Hexes/Translocation          3
   d - Inner Flame                    Hexes/Fire                   3
   e - Cause Fear                     Hexes                        4
   f - Leda's Liquefaction            Hexes/Earth                  4
 M - Lougim's Guide on the Snowflakes
   (Sif Muna gifted it to you on level 11 of the Dungeon)

   Spells                             Type                      Level
   a - Freeze                         Ice                          1
   b - Throw Frost                    Conjuration/Ice              2
   c - Ozocubu's Armour               Charms/Ice                   3
   d - Throw Icicle                   Conjuration/Ice              4
   e - Metabolic Englaciation         Hexes/Ice                    5
   f - Simulacrum                     Ice/Necromancy               6
   g - Glaciate                       Conjuration/Ice              9
Miscellaneous
 h - a legendary deck of defence {the Blade}
 l - a plain deck of wonders {Wild Magic}
 D - a crystal ball of energy
Comestibles
 c - 10 bread rations
 F - 3 royal jellies
 T - 2 chunks of flesh
 U - 4 meat rations


   Skills:
 - Level 1.0 Staves
 + Level 11.5 Dodging
 - Level 1.7 Stealth
 + Level 11.0 Spellcasting
 + Level 11.1 Conjurations
 * Level 6.2 Summonings
 + Level 12.3 Poison Magic


You had 4 spell levels left.
You knew the following spells:

 Your Spells              Type           Power        Failure   Level  Hunger
a - Sting                 Conj/Pois      ####         1%          1    None
b - Mephitic Cloud        Conj/Pois/Air  #####...     1%          3    None
c - Venom Bolt            Conj/Pois      ######....   1%          5    ####...
d - Blink                 Tloc           N/A          10%         2    None
e - Shroud of Golubria    Chrm/Tloc      ##........   10%         2    None
f - Olgreb's Toxic Radia  Pois           ######..     1%          4    #......
g - Conjure Flame         Conj/Fire      #####...     1%          3    None
h - Poisonous Cloud       Conj/Pois/Air  #####.....   34%         6    ######.
i - Summon Lightning Spi  Summ/Air       ####....     17%         4    #......


Dungeon Overview and Level Annotations

Branches:
Dungeon (11/15)            Temple (1/1) D:7            Lair (6/8) D:11
  Swamp (0/4) Lair:5        Snake (0/4) Lair:4
  Slime: Lair:6-8       Orc: D:9-12

Altars:
Ashenzari
Cheibriados
Elyvilon
Fedhas
Gozag
Kikubaaqudgha
Makhleb
Nemelex Xobeh
Okawaru
Pakellas
Qazlal
Ru
Sif Muna
Trog
Vehumet
Xom
Yredelemnul
Zin
The Shining One

Shops:
D:5 [   D:7 %

Annotations:
Lair:4 exclusion: oklob plant


Innate Abilities, Weirdness & Mutations

You have a pair of antennae on your head.
You are completely covered in rough black scales (AC +10, Dex -3).
You regenerate a lot of health from kills.
When hurt, damage is shared between your health and your magic reserves.
You have supernaturally acute eyesight.
You are agile. (Dex +2)
You are somewhat resistant to further mutation.
Your natural rate of healing is unusually fast.
You are robust (+10% HP).


Message History

The death yak gores you but does no damage.
You hit the death yak but do no damage.
There is a sudden explosion of sparks!
The death yak is almost dead.
The death yak gores you but does no damage.
You hit the death yak.
There is a sudden explosion of sparks!
The death yak is almost dead.
The death yak completely misses you. The death yak misses you.
A six-headed hydra comes into view.
The six-headed hydra roars!
A giant frog comes into view.
The six-headed hydra roars!
The giant frog hits the plant.
A giant frog comes into view.
The giant frog croaks.
You hit the death yak but do no damage.
The death yak is almost dead.
The death yak gores you!!
* * * LOW HITPOINT WARNING * * *
The death yak gores you!!
You die...

#....# ##...# ##...#P###.....#
#...####..P.# #.....(#.#..##.
##...#.....P# ##....>.....##.
##..###.P..## #..##..P...#.#
#P...###...## ##..####......#
###...##.....# ##..#F# #.....##
#......##....## #.#..## #....#..
#...........#.#####..P# ##.....##
##..............@Y...####.....###
....................D............
..†...........................#..
......####.......................
###...#.##.......................
# #...##................F........
# #...####............F..........
##..###........................
#....#.........................


You could see a death yak, a six-headed hydra and a giant frog.

Vanquished Creatures
  The ghost of ThereIsNoGod the Blocker, a journeyman GrFi of Okawaru (Lair:3)
  A yaktaur captain (D:11)
  6 hydras
  A centaur warrior (D:11)
  6 death yaks
  Urug (D:10)
  5 skeletal warriors (D:11)
  3 unseen horrors
  2 hill giants
  Pikel (D:8)
  An ugly thing (D:11)
  A cyclops (D:11)
  A griffon (D:11)
  2 black mambas (Lair:5)
  A manticore (D:11)
  Maurice (D:9)
  An elephant (D:11)
  A centaur zombie (D:11)
  2 centaur skeletons (D:11)
  10 spiny frogs
  A rime drake (Lair:5)
  5 komodo dragons
  A troll (D:9)
  10 blink frogs
  Sigmund (D:3)
  A vampire (D:8)
  21 yaks
  A wraith (D:11)
  A shadow (D:11)
  A wyvern (D:11)
  2 basilisks (Lair:5)
  Eustachio (D:5)
  7 hippogriffs
  15 water moccasins
  3 sky beasts
  4 ice beasts
  6 orc warriors
  11 porcupines
  A black bear (D:8)
  5 wolves
  8 centaurs
  3 ogres
  9 crocodiles
  12 giant frogs
  4 big kobolds
  A gnoll sergeant (D:11)
  7 scorpions
  5 killer bees (D:7)
  5 spriggan skeletons (D:9)
  A troll skeleton (D:9)
  5 electric eels (D:6)
  5 howler monkeys
  2 crimson imps (D:6)
  A quasit (D:7)
  A wyvern simulacrum (D:11)
  12 hounds
  A jelly (D:11)
  4 giant frog skeletons
  4 orc priests
  10 orc wizards
  8 iguanas
  8 worker ants
  11 sheep
  A hound skeleton (D:7)
  A worker ant zombie (D:6)
  4 gnolls (D:6)
  7 adders
  15 river rats
  A shadow imp (D:5)
  3 adder skeletons
  5 worms
  4 giant geckos
  37 orcs
  7 bats
  2 giant cockroaches (D:3)
  26 goblins
  33 hobgoblins
  16 jackals
  11 kobolds
  7 quokkas
  A ball python (D:3)
  A ball python skeleton (D:4)
  5 giant newts
  A jackal zombie (D:8)
  2 quokka skeletons
  A quokka zombie (D:9)
  5 rats
  2 butterflies (D:7)
  A plant (Lair:4)
472 creatures vanquished.

Vanquished Creatures (collateral kills)
  2 hydras
  A death yak (Lair:6)
  2 griffons (Lair:6)
  A black mamba (Lair:6)
  A spiny frog (Lair:4)
  A torpor snail (Lair:5)
  2 blink frogs (Lair:5)
  3 yaks
  2 basilisks (Lair:5)
  3 nagas (Lair:4)
  A water moccasin (Lair:6)
  A porcupine (Lair:5)
  A crocodile (Lair:3)
  A giant frog (Lair:5)
  An iguana (Lair:6)
  2 worker ants (Lair:3)
  A sheep (Lair:5)
  A fungus (Lair:5)
27 creatures vanquished.

Vanquished Creatures (others)
  An ice beast (D:8)
  2 hippogriffs (D:10)
  3 slaves (D:8)
  A black bear (D:8)
  A bush (Lair:5)
  20 fungi
  8 plants
36 creatures vanquished.

Grand Total: 535 creatures vanquished

Notes
Turn   | Place    | Note
--------------------------------------------------------------
     0 | D:1      | matakusis the Demonspawn Venom Mage began the quest for the Orb.
     0 | D:1      | Reached XP level 1. HP: 13/13 MP: 3/3
   425 | D:1      | Gained mutation: When hurt, damage is shared between your health and your magic reserves. [demonic ancestry]
   425 | D:1      | Reached XP level 2. HP: 19/19 MP: 3/5
  1647 | D:2      | Reached XP level 3. HP: 20/24 MP: 3/6
  2203 | D:3      | Learned a level 3 spell: Mephitic Cloud
  2220 | D:3      | Reached XP level 4. HP: 30/30 MP: 4/8
  2229 | D:3      | Noticed Sigmund
  2278 | D:3      | Reached skill level 1 in Conjurations
  2474 | D:3      | Gained mutation: You have a pair of small antennae on your head. [demonic ancestry]
  2474 | D:3      | Reached XP level 5. HP: 35/35 MP: 2/10
  2482 | D:3      | Killed Sigmund
  2482 | D:3      | Reached skill level 5 in Poison Magic
  2482 | D:3      | Gained mutation: You are partially covered in rough black scales (AC +4, Dex -1). [demonic ancestry]
  2482 | D:3      | Reached XP level 6. HP: 34/41 MP: 1/12
  2684 | D:3      | Found a glowing golden altar of the Shining One.
  3437 | D:4      | Found a deep blue altar of Sif Muna.
  3440 | D:4      | Became a worshipper of Sif Muna the Loreminder
  3908 | D:5      | Entered Level 5 of the Dungeon
  4010 | D:5      | Noticed Eustachio
  4057 | D:5      | Killed Eustachio
  4057 | D:5      | Gained mutation: You regenerate a little health from kills. [demonic ancestry]
  4057 | D:5      | Reached XP level 7. HP: 27/46 MP: 1/13
  4121 | D:5      | Found Xanein's Armour Shoppe.
  4803 | D:6      | Reached * piety under Sif Muna
  4803 | D:6      | Reached skill level 6 in Poison Magic
  4910 | D:6      | Learned a level 5 spell: Venom Bolt
  5082 | D:6      | Reached skill level 5 in Spellcasting
  5082 | D:6      | Gained mutation: You have a pair of antennae on your head. [demonic ancestry]
  5082 | D:6      | Reached XP level 8. HP: 50/52 MP: 1/15
  5499 | D:6      | Reached ** piety under Sif Muna
  5499 | D:6      | Reached skill level 5 in Conjurations
  5499 | D:6      | Reached skill level 7 in Poison Magic
  6677 | D:7      | Reached skill level 5 in Dodging
  6696 | D:7      | Found a staircase to the Ecumenical Temple.
  6737 | Temple   | Entered the Ecumenical Temple
  6812 | D:7      | Found Vecureqehu's Food Boutique.
  7085 | D:7      | Gained mutation: You regenerate health from kills. [demonic ancestry]
  7085 | D:7      | Reached XP level 9. HP: 51/57 MP: 14/17
  7090 | D:7      | Gained mutation: You are mostly covered in rough black scales (AC +7, Dex -2). [mutagenic meat]
  7091 | D:7      | Gained mutation: You have supernaturally acute eyesight. [mutagenic meat]
  7092 | D:7      | Gained mutation: You are robust (+10% HP). [mutagenic meat]
  7093 | D:7      | Gained mutation: You are agile. (Dex +2) [mutagenic meat]
  7094 | D:7      | Gained mutation: You are somewhat resistant to further mutation. [mutagenic meat]
  7095 | D:7      | Gained mutation: Your natural rate of healing is unusually fast. [mutagenic meat]
  7119 | D:7      | Found a snail-covered altar of Cheibriados.
  7356 | D:7      | Identified a scroll of acquirement
  7487 | D:7      | Found a snail-covered altar of Cheibriados.
  7639 | D:7      | Reached *** piety under Sif Muna
  7639 | D:7      | Reached skill level 8 in Poison Magic
  7644 | D:7      | Found a deep blue altar of Sif Muna.
  7996 | D:5      | Bought the +1 robe of Heawech {rN+} for 219 gold pieces
  8121 | D:8      | Noticed Maurice
  8161 | D:8      | Noticed Pikel
  8183 | D:8      | Killed Pikel
  8422 | D:8      | Noticed a hill giant
  8436 | D:8      | Killed a hill giant
  8436 | D:8      | Reached skill level 1 in Staves
  8729 | D:8      | Found a blossoming altar of Fedhas.
  8729 | D:8      | Found a sacrificial altar of Ru.
  8794 | D:8      | Reached XP level 10. HP: 69/69 MP: 9/20
  8796 | D:8      | Reached **** piety under Sif Muna
  9060 | D:9      | Killed Maurice
  9183 | D:9      | Reached skill level 9 in Poison Magic
  9406 | D:9      | Found a white marble altar of Elyvilon.
  9485 | D:9      | Found a basalt altar of Yredelemnul.
  9560 | D:9      | Found an iron altar of Okawaru.
 10049 | D:9      | Noticed an unseen horror
 10067 | D:9      | Killed an unseen horror
 10067 | D:9      | Reached ***** piety under Sif Muna
 10426 | D:10     | Entered Level 10 of the Dungeon
 10426 | D:10     | Noticed a gargoyle
 10534 | D:8      | Learned a level 2 spell: Blink
 10537 | D:8      | Learned a level 2 spell: Shroud of Golubria
 10542 | D:8      | Learned a level 4 spell: Olgreb's Toxic Radiance
 10927 | D:10     | Noticed an unseen horror
 10947 | D:10     | Killed an unseen horror
 11089 | D:10     | Noticed Urug
 11212 | D:10     | Killed Urug
 11212 | D:10     | Gained mutation: You are completely covered in rough black scales (AC +10, Dex -3). [demonic ancestry]
 11212 | D:10     | Reached XP level 11. HP: 72/72 MP: 2/22
 11595 | D:10     | Learned a level 3 spell: Conjure Flame
 11819 | D:11     | Reached skill level 10 in Poison Magic
 11857 | D:11     | Noticed a skeletal warrior
 11857 | D:11     | Noticed a skeletal warrior
 11858 | D:11     | Noticed a skeletal warrior
 11860 | D:11     | Noticed an unseen horror
 11890 | D:11     | Noticed a centaur warrior
 11893 | D:11     | Noticed a skeletal warrior
 11897 | D:11     | Noticed a seven-headed hydra
 12074 | D:11     | Noticed a purple ugly thing
 12131 | D:11     | Killed a purple ugly thing
 12562 | D:11     | Killed a seven-headed hydra
 12569 | D:11     | Reached ****** piety under Sif Muna
 12569 | D:11     | Received a gift from Sif Muna
 12573 | D:11     | Identified Lougim's Guide on the Snowflakes (Sif Muna gifted it to you on level 11 of the Dungeon)
 12679 | D:11     | Learned a level 4 spell: Throw Icicle
 12707 | D:11     | Killed a centaur warrior
 12716 | D:11     | Killed an unseen horror
 13000 | D:11     | Found a staircase to the Lair.
 13613 | D:11     | Killed a skeletal warrior
 13620 | D:11     | Noticed a hill giant
 13624 | D:11     | Killed a skeletal warrior
 13719 | D:11     | Killed a skeletal warrior
 13813 | D:11     | Killed a skeletal warrior
 13813 | D:11     | Reached skill level 10 in Conjurations
 13823 | D:11     | Killed a hill giant
 13823 | D:11     | Reached skill level 11 in Poison Magic
 13823 | D:11     | Gained mutation: You regenerate a lot of health from kills. [demonic ancestry]
 13823 | D:11     | Reached XP level 12. HP: 47/81 MP: 3/24
 14300 | D:11     | Noticed a yaktaur captain
 14890 | D:11     | HP: 4/81 [skeletal warrior/trident (7)]
 15082 | D:11     | Got a brightly glowing ring mail
 15094 | D:11     | Identified the +2 ring mail of the Forest {Regen+ Str-5 Dex+4} (You found it on level 11 of the Dungeon)
 15173 | D:11     | Killed a yaktaur captain
 15173 | D:11     | Received a gift from Sif Muna
 15176 | D:11     | Identified Sif Muna's Collected Works on Feathery Creation (Sif Muna gifted it to you on level 11 of the Dungeon)
 15189 | D:11     | Learned a level 4 spell: Summon Lightning Spire
 15479 | Lair:1   | Entered Level 1 of the Lair of Beasts
 15818 | Lair:1   | Reached skill level 1 in Summonings
 16598 | Lair:2   | Reached skill level 10 in Dodging
 16829 | Lair:2   | Found a blossoming altar of Fedhas.
 17505 | Lair:3   | Noticed a four-headed hydra
 17554 | Lair:3   | Noticed ThereIsNoGod's ghost (journeyman GrFi)
 18061 | Lair:3   | Noticed a five-headed hydra
 18353 | Lair:3   | Killed ThereIsNoGod's ghost
 18720 | Lair:3   | Killed a five-headed hydra
 18949 | Lair:3   | Noticed a death yak
 18950 | Lair:3   | Noticed a death yak
 18952 | Lair:3   | Noticed a death yak
 18986 | Lair:3   | Killed a death yak
 18986 | Lair:3   | Reached XP level 13. HP: 49/86 MP: 3/26
 18991 | Lair:3   | Reached skill level 12 in Poison Magic
 19008 | Lair:3   | Reached skill level 10 in Spellcasting
 19155 | Lair:3   | Received a gift from Sif Muna
 20053 | Lair:4   | Found a staircase to the Snake Pit.
 21925 | Lair:5   | Found a staircase to the Swamp.
 22535 | Lair:4   | Learned a level 6 spell: Poisonous Cloud
 23024 | Lair:5   | Reached skill level 5 in Summonings
 25313 | Lair:5   | Slain by a death yak

Skill      XL: |  1  2  3  4  5  6  7  8  9 10 11 12 13 |
---------------+----------------------------------------+-----
Dodging        | 2 3 4 5 6 8 9 10 11 | 11.5
Spellcasting   | 3 4 5 6 7 8 9 11 | 11.0
Conjurations   | 1 3 4 5 7 8 10 11 | 11.1
Poison Magic   | 5 6 7 8 9 11 12 | 12.3
Staves         | 1 |  1.0
Summonings     | 3 6 |  6.2
Stealth        | |  1.7

Action                   |  1- 3 |  4- 6 |  7- 9 | 10-12 | 13-15 || total
-------------------------+-------+-------+-------+-------+-------++-------
Melee: Dagger            |     7 |       |       |       |       ||     7
       Unarmed           |     2 |       |       |       |       ||     2
       Whip              |    36 |    62 |   250 |       |       ||   348
       Staff             |       |       |    91 |   584 |    73 ||   748
       Long sword        |       |       |       |   274 |   187 ||   461
 Cast: Sting             |    69 |    81 |   216 |   313 |    18 ||   697
       Mephitic Cloud    |       |     3 |    12 |    55 |    19 ||    89
       Venom Bolt        |       |       |     6 |    64 |    62 ||   132
       Blink             |       |       |       |    37 |     6 ||    43
       Shroud of Golubri |       |       |       |    10 |     9 ||    19
       Conjure Flame     |       |       |       |    26 |    10 ||    36
       Throw Icicle      |       |       |       |     7 |    33 ||    40
       Olgreb's Toxic Ra |       |       |       |     4 |       ||     4
       Summon Lightning  |       |       |       |     3 |    39 ||    42
Invok: Channel Energy    |       |       |       |    39 |    12 ||    51
 Abil: Evoke Flight      |       |       |     1 |       |       ||     1
       Evoke Invisibilit |       |       |       |     2 |     1 ||     3
Evoke: Wand              |       |       |     1 |     5 |       ||     6
  Use: Scroll            |     6 |     1 |     9 |     6 |     5 ||    27
       Potion            |     3 |     2 |     4 |     8 |     2 ||    19
 Stab: Sleeping          |     1 |       |       |     1 |     1 ||     3
       Confused          |       |       |     6 |     3 |     2 ||    11
       Distracted        |       |       |       |     3 |     3 ||     6
  Eat: Chunk             |     5 |     5 |    14 |    27 |    24 ||    75
       Pizza             |       |       |     1 |     3 |     1 ||     5
       Meat ration       |       |       |     1 |     4 |     1 ||     6
       Bread ration      |       |       |     1 |       |       ||     1
       Beef jerky        |       |       |       |     2 |     2 ||     4
       Royal jelly       |       |       |       |     2 |       ||     2
       Fruit             |       |       |       |     1 |     2 ||     3
Armor: Robe              |    22 |    54 |   160 |   361 |   113 ||   710
       Skin              |       |       |       |    10 |       ||    10
Dodge: Dodged            |    43 |   100 |   302 |   999 |   491 ||  1935
